 Dungeon Crawl Stone Soup version 0.17-a0-18-gc25b939 (webtiles) character file.

169 Chiseanne the Ducker (level 5, 0/36 HPs)
             Began as an Octopode Monk on Mar 12, 2015.
             Slain by an orc priest
             ... wielding a +1 vampiric short sword
              (3 damage)
             ... on level 3 of the Dungeon.
             The game lasted 00:07:03 (3233 turns).

Chiseanne the Ducker (Octopode Monk)                Turns: 3233, Time: 00:07:03

Health: 0/36       AC:  1    Str: 12    XL:     5   Next: 50%
Magic:  5/5        EV: 15    Int: 12    God:
Gold:   92         SH:  0    Dex: 14    Spells: 0 memorised, 4 levels left

rFire  . . .     SeeInvis .     a - +1 whip (venom)
rCold  . . .     Clarity  .     (no shield)
rNeg   . . .     SustAb   .     (helmet restricted)
rPois  .         Gourm    .     (no amulet)
rElec  .         Spirit   .     (no ring)
rCorr  .         Warding  .     (no ring)
rMut   .         Stasis   .     (no ring)
MR     .....                    (no ring)
Stlth  +++.......               (no ring)
                                (no ring)
                                (no ring)
                                (no ring)

@: not resistant to hostile enchantments, fairly stealthy
A: almost no armour, amphibious, 8 rings, constrict 8, camouflage 1, gelatinous
body 1
a: no special abilities


You were on level 3 of the Dungeon.
You were not hungry.

You visited 1 branch of the dungeon, and saw 3 of its levels.

You collected 92 gold pieces.

Inventory:

Hand weapons
 a - a +1 whip of venom (weapon)
Missiles
 c - 34 poisoned needles
 h - 15 bolts
 l - 31 sling bullets
 o - 16 arrows
 t - 6 javelins (quivered)
Scrolls
 d - a scroll of immolation {unknown}
 e - a scroll of fog {unknown}
 f - a scroll of teleportation {unknown}
 g - 2 scrolls of enchant armour {unknown}
 i - a scroll of enchant weapon {unknown}
 k - 3 scrolls of identify {unknown}
 q - a scroll of magic mapping {unknown}
 s - 2 scrolls of remove curse {unknown}
 u - a scroll of blinking {unknown}
 v - a scroll of amnesia {unknown}
Potions
 j - a potion of agility {unknown}
 n - a potion of invisibility
 p - a potion of cancellation {unknown}
 r - a potion of restore abilities {unknown}
Comestibles
 b - a bread ration
 m - 2 meat rations


   Skills:
 - Level 3.0 Fighting
 * Level 6.0 Dodging
 - Level 2.6 Stealth
 - Level 4.0 Unarmed Combat


You had 4 spell levels left.
You didn't know any spells.

Dungeon Overview and Level Annotations

Branches:
Dungeon (3/15)

Altars:
Cheibriados
Dithmenos
Ru
Trog
The Shining One


Innate Abilities, Weirdness & Mutations

You cannot wear most types of armour.
You are amphibious.
You can wear up to eight rings at the same time.
You can use your tentacles to constrict many enemies at once.
Your skin changes colour to match your surroundings (Stealth).
Your rubbery body absorbs attacks (AC +1).


Message History

You hit the orc wizard.
The orc wizard is poisoned.
You grab the orc wizard.
The orc wizard is lightly wounded.
You constrict the orc wizard.
The orc priest calls down the wrath of Beogh upon you.
Pain shoots through your body!
The orc wizard mumbles some strange words.
The orc wizard blinks free!
The orc hits you with a dagger.
The orc wizard gestures at you while chanting.
The magic dart hits you! The orc hits you with a dagger.
The orc priest hits you with a vampiric short sword.
* * * LOW HITPOINT WARNING * * *
You hit the orc priest.
The orc priest is poisoned.
Your grab misses the orc priest.
The orc priest is moderately wounded.
The orc hits you with a dagger.
* * * LOW HITPOINT WARNING * * *
The orc priest hits you with a vampiric short sword.
You die...

.#..#......#....#.........#......
....##'#'#...#..........###......
###....#.....#..........# ####...
##########.#..........# #...
.#####.........######...
.........#######....#...
...................... ##+#..o..#
..o.........
#.....@#.##.....#......
#.....o#........#......
#......................
#...#####)......####...
#...................... .
#........#............. 8....
#...........###........ #....
#...........###........ #8...
#...............#####..


You could see an orc priest and an orc.

Vanquished Creatures
  An orc wizard (D:3)
  4 gnolls (D:2)
  4 adders
  A worm (D:2)
  2 orcs
  A ball python (D:1)
  11 bats
  3 giant cockroaches (D:1)
  8 goblins
  2 hobgoblins
  4 quokkas
  2 giant geckos
  3 giant newts
  6 jackals (D:2)
  4 kobolds
  4 rats
60 creatures vanquished.

Notes
Turn   | Place    | Note
--------------------------------------------------------------
     0 | D:1      | Chiseanne, the Octopode Monk, began the quest for the Orb.
     0 | D:1      | Reached XP level 1. HP: 16/16 MP: 1/1
   354 | D:1      | Reached XP level 2. HP: 21/21 MP: 2/2
  1305 | D:2      | Reached XP level 3. HP: 19/26 MP: 3/3
  1872 | D:2      | Reached XP level 4. HP: 7/31 MP: 4/4
  2224 | D:2      | Reached skill level 5 in Dodging
  2257 | D:2      | HP: 1/31 [gnoll/spear (10)]
  2557 | D:2      | Reached XP level 5. HP: 29/36 MP: 5/5
  2688 | D:2      | Found a bloodstained altar of Trog.
  2694 | D:2      | Found a shadowy altar of Dithmenos.
  2697 | D:2      | Found a sacrificial altar of Ru.
  3020 | D:3      | Found a snail-covered altar of Cheibriados.
  3020 | D:3      | Found a glowing golden altar of the Shining One.
  3102 | D:3      | Reached skill level 6 in Dodging
  3233 | D:3      | Slain by an orc priest

Action                   |  1- 3 |  4- 6 || total
-------------------------+-------+-------++-------
Melee: Unarmed           |    83 |    24 ||   107
       Whip              |       |    40 ||    40
  Use: Potion            |       |     1 ||     1
 Stab: Sleeping          |     4 |     2 ||     6
  Eat: Chunk             |     3 |     4 ||     7
